 Dungeon Crawl Stone Soup version 0.27.1 (webtiles) character file.

Game seed: 10078234594862275025

431 nxtlvl the Poker (level 7, 0/70 HPs)
             Began as an Ogre Abyssal Knight on Aug 31, 2021.
             Was a Believer of Lugonu.
             Slain by a hobgoblin (4 damage)
             ... on level 4 of the Dungeon.
             The game lasted 00:26:11 (2075 turns).

nxtlvl the Poker (Ogre Abyssal Knight)              Turns: 2075, Time: 00:26:12

Health: 0/70       AC:  3    Str: 17    XL:     7   Next: 0%
Magic:  8/8        EV: 10    Int: 13    God:    Lugonu [**....]
Gold:   124        SH:  0    Dex: 10    Spells: 6/6 levels left

rFire    . . .     SeeInvis .   a - +0 trident
rCold    . . .     Faith    .   (no shield)
rNeg     . . .     Spirit   .   b - +0 robe
rPois    .         Reflect  .   (helmet restricted)
rElec    .         Harm     .   (no cloak)
rCorr    .         Rampage  .   (gloves unavailable)
Will     .....                  (boots unavailable)
Stlth    +.........             (no amulet)
HPRegen  0.21/turn              (no ring)
MPRegen  0.11/turn              (no ring)

@: no status effects
A: large, unfitting armour, tough skin 1
a: Renounce Religion, Depart the Abyss, Bend Space


You were on level 4 of the Dungeon.
You worshipped Lugonu.
Lugonu was pleased with you.
You visited 1 branch of the dungeon, and saw 5 of its levels.
You visited the Abyss 1 time.

You collected 124 gold pieces.

Inventory:

Hand Weapons
 a - a +0 trident (weapon)
Missiles
 e - 4 boomerangs (quivered)
 j - 14 sling bullets
Armour
 b - a +0 robe (worn)
Magical Staves
 n - a staff of poison
Jewellery
 d - a +6 ring of intelligence
 l - a ring of magical power
Scrolls
 c - a scroll of blinking {unknown}
 i - a scroll of amnesia {unknown}
 k - a scroll of immolation {unknown}
 m - a scroll of fog {unknown}
 p - a scroll of enchant armour {unknown}
 r - a scroll of brand weapon {unknown}
 s - a scroll of teleportation {unknown}
Potions
 g - a potion of curing
 h - a potion of mutation
 o - a potion of brilliance
Miscellaneous
 f - a condenser vane


   Skills:
 - Level 4.0 Fighting
 * Level 7.2 Polearms
 - Level 2.1 Dodging
 - Level 2.0 Invocations


You had 6 spell levels left.
You didn't know any spells.
Your spell library contained the following spells:

 Spells                   Type           Power      Damage    Failure   Level
 Slow                     Hex            0%         N/A       43%         2
 Confusing Touch          Hex            0%         N/A       67%         3
 Yara's Violent Unravell  Hex/Tmut       0%         3d3       100%        5


Dungeon Overview and Level Annotations

Branches:
Dungeon (5/15)
 Temple: D:4-7

Altars:
Makhleb
Okawaru
Wu Jian

Shops:
D:3 ?   D:5 (


Innate Abilities, Weirdness & Mutations

You are too large for most types of armour.
You have tough skin. (AC +1)


Message History

The orc wizard hits you with a +0 dagger.
* * * LOW HITPOINT WARNING * * *
The hobgoblin barely misses you.
You puncture the orc wizard!
The orc wizard is almost dead.
The orc wizard hits you but does no damage.
The hobgoblin hits you.
* * * LOW HITPOINT WARNING * * *
You barely miss the orc wizard.
The orc wizard is almost dead.
The orc wizard hits you with a +0 dagger.
* * * LOW HITPOINT WARNING * * *
The hobgoblin closely misses you.
You closely miss the orc wizard.
The orc wizard is almost dead.
The hobgoblin completely misses you.
The orc wizard hits you with a +0 dagger.
* * * LOW HITPOINT WARNING * * *
You barely miss the orc wizard.
The orc wizard is almost dead.
The hobgoblin completely misses you.
The orc wizard gestures at you while chanting.
You easily resist.
You closely miss the orc wizard.
The orc wizard is almost dead.
The hobgoblin completely misses you. The orc wizard closely misses you.
You barely miss the orc wizard.
The orc wizard is almost dead.
The hobgoblin hits you but does no damage.
The orc wizard barely misses you.
You barely miss the orc wizard.
The orc wizard is almost dead.
The hobgoblin hits you.
* * * LOW HITPOINT WARNING * * *
The orc wizard hits you but does no damage.
You hit the orc wizard.
You kill the orc wizard!
Lugonu accepts your kill. The hobgoblin hits you.
You die...

#.####.#.#.#.........
#.####
#.##.........#######.#
..#
#.#....###...#...$$#..
..# ##>#....#
##..#.$...#..
#.......# #.|'$._$?#..
#..<....# ##.#..$..#..
#....#### #o#$.[..#..
#...## #.#######..
#...# #.o@ggo...#
#...# ###########
#####


You could see an orc priest, 2 orcs, a hobgoblin and a goblin.

Vanquished Creatures
  A black bear (D:5)
  A phantom (D:5)
  5 hounds
  2 orc wizards
  4 adders
  6 orcs
  6 ball pythons
  4 endoplasms
  3 giant cockroaches
  2 goblins
  2 hobgoblins (D:1)
  4 kobolds
  6 quokkas
  3 bats
  A frilled lizard (D:1)
  7 rats
57 creatures vanquished.

Notes
Turn   | Place    | Note
-------+----------+-------------------------------------------
     0 | Abyss:1  | nxtlvl the Ogre Abyssal Knight began the quest for the Orb.
     0 | Abyss:1  | Reached XP level 1. HP: 24/24 MP: 2/2
    37 | Abyss:2  | Noticed a small abomination
    43 | Abyss:2  | Noticed a wight
    43 | Abyss:2  | Noticed a wight
    44 | Abyss:2  | Noticed a wight
    49 | Abyss:2  | Noticed a wight
    70 | D:1      | Escaped the Abyss
    90 | D:1      | Reached * piety under Lugonu
   206 | D:1      | Reached XP level 2. HP: 24/32 MP: 3/3
   308 | D:2      | Reached skill level 3 in Polearms
   388 | D:1      | Reached XP level 3. HP: 26/39 MP: 4/4
   749 | D:3      | Found Xuneisot's Magic Scroll Shop.
   852 | D:3      | Reached skill level 4 in Polearms
   896 | D:3      | Reached ** piety under Lugonu
   914 | D:3      | Reached XP level 4. HP: 39/48 MP: 5/5
  1236 | D:4      | Reached skill level 5 in Polearms
  1260 | D:5      | Entered Level 5 of the Dungeon
  1291 | D:5      | Found an iron altar of Okawaru.
  1320 | D:5      | Reached XP level 5. HP: 23/54 MP: 6/6
  1349 | D:5      | Found Iffetaal's Antique Weapon Emporium.
  1466 | D:5      | Noticed a water moccasin
  1549 | D:5      | Found an ornate altar of the Wu Jian Council.
  1633 | D:5      | Noticed a phantom
  1678 | D:5      | Killed a phantom
  1679 | D:5      | Reached skill level 6 in Polearms
  1679 | D:5      | Reached XP level 6. HP: 24/62 MP: 7/7
  1701 | D:5      | Noticed a black bear
  1916 | D:5      | HP: 2/93 [black bear (4)]
  1919 | D:5      | Killed a black bear
  1920 | D:5      | Reached skill level 7 in Polearms
  1922 | D:5      | HP: 3/93 [hound (1)]
  1924 | D:5      | Reached XP level 7. HP: 4/70 MP: 8/8
  2043 | D:4      | Found a burning altar of Makhleb.
  2075 | D:4      | Slain by a hobgoblin

Illustrated notes

Levels and vault maps discovered:
D:1:      dpeg_arrival_prison, layout_loops_corners,
          hangedman_decor_clover_reticule
D:2:      layout_rooms, lemuel_flame_loot_1
D:3:      layout_loops_corners, serial_shops, nicolae_diamond_shop, st_stairs_11
D:4:      layout_rooms, amcnicky_altar_gilded, grunt_temple_overflow_open
D:5:      layout_rooms, okawaru_ov_weapons_minmay, nzn_wu_jian_contemplation,
          serial_shops, shop, chequers_mini_garden, nrook_uturn

Skill      XL: |  1  2  3  4  5  6 |
---------------+-------------------+-----
Polearms       | 3 4 5 6 7 |  7.2
Fighting       | |  4.0
Dodging        | |  2.1
Invocations    | |  2.0

Action                   |  1- 3 |  4- 6 |  7- 9 || total
-------------------------+-------+-------+-------++-------
Melee: Spear             |   146 |   130 |       ||   276
       Trident           |       |    13 |    17 ||    30
Throw: Boomerang         |    12 |    24 |       ||    36
Invok: Depart the Abyss  |     1 |       |       ||     1
Evoke: Condenser vane    |     1 |       |       ||     1
  Use: Potion            |     1 |     3 |       ||     4
       Scroll            |       |     4 |       ||     4
 Stab: Sleeping          |     2 |       |       ||     2
       Confused          |     1 |       |       ||     1
Armor: Robe              |    40 |    26 |     6 ||    72
       Skin              |    14 |    13 |       ||    27
Dodge: Dodged            |    73 |    69 |     8 ||   150
